 Dungeon Crawl Stone Soup version 0.26-a0-846-gcc8f1ee719 (webtiles) character file.

Game seed: 4740029921735977065

105991 miscthings the Fighter (level 16, -16/147 HPs)
             Began as a Hill Orc Transmuter on Nov 20, 2020.
             Was the Champion of Okawaru.
             Demolished by an enormous slime creature (48 damage)
             ... on level 15 of the Dungeon.
             The game lasted 01:13:25 (26067 turns).

miscthings the Fighter (Hill Orc Transmuter)       Turns: 26067, Time: 01:13:25

Health: -16/147    AC: 34    Str: 21    XL:     16   Next: 42%
Magic:  0/25       EV: 11    Int: 11    God:    Okawaru [******]
Gold:   778        SH: 13    Dex: 11    Spells: 18/18 levels left

rFire    + . .     SeeInvis .   o - +4 whip (elec)
rCold    + . .     Faith    .   E - +0 buckler {AC+3}
rNeg     . . .     Spirit   +   Z - +5 plate armour "Wywaeps" {rElec rF+ MR++ Regen+}
rPois    .         Reflect  .   G - +4 helmet "Zoutoet" {rC+ rCorr Str+3 Int-4}
rElec    +         Harm     .   L - +1 cloak {Stlth+}
rCorr    +         Rampage  .   s - +0 pair of gloves {archery}
MR       +++..                  I - +0 pair of boots
Stlth    ..........             R - brooch of Shielding {Spirit SH+8}
HPRegen  0.74/turn              (no ring)
MPRegen  0.19/turn              b - ring of stealth

@: about to teleport
A: no striking features
a: Heroism, Finesse, Renounce Religion


You were on level 15 of the Dungeon.
You worshipped Okawaru.
Okawaru was exalted by your worship.
You visited 3 branches of the dungeon, and saw 23 of its levels.

You collected 2811 gold pieces.
You spent 2033 gold pieces at shops.

Inventory:

Hand Weapons
 o - a +4 whip of electrocution (weapon)
 y - a +3 vorpal broad axe
Missiles
 m - 3 curare-tipped darts (quivered)
 v - 15 atropa-tipped darts
Armour
 s - a +0 pair of gloves of archery (worn)
 E - a +0 buckler of protection (worn)
 G - the +4 helmet "Zoutoet" (worn) {rC+ rCorr Str+3 Int-4}
   (You bought it in a shop on level 6 of the Dungeon)

   It affects your strength (+3).
   It affects your intelligence (-4).
   It protects you from cold.
   It provides partial protection from all sources of acid and corrosion.
 I - a +0 pair of boots (worn)
 L - a +1 cloak of stealth (worn)
 Z - the +5 plate armour "Wywaeps" (worn) {rElec rF+ MR++ Regen+}
   (Okawaru gifted it to you on level 6 of the Lair of Beasts)

   It protects you from fire.
   It insulates you from electricity.
   It affects your resistance to hostile enchantments.
   It increases your rate of regeneration.
Jewellery
 b - a ring of stealth (right hand)
 p - the ring of the Turtledove {Fire rN+}
   (You took it off a tengu conjurer on level 11 of the Dungeon)

   [ring of fire]

   It enhances your fire magic.
   It protects you from fire.
   It makes you vulnerable to cold.
   It protects you from negative energy.
 z - the ring of Vaepp {Fire Int+7}
   (You found it on level 11 of the Dungeon)

   [ring of fire]

   It enhances your fire magic.
   It affects your intelligence (+7).
   It protects you from fire.
   It makes you vulnerable to cold.
 C - an uncursed ring of ice
 R - the brooch of Shielding (around neck) {Spirit SH+8}
   (You bought it in a shop on level 9 of the Dungeon)

   [amulet of guardian spirit]

   It causes incoming damage to be split between your health and magic.
   It affects your SH (+8).
Wands
 a - a wand of acid (5)
 r - a wand of flame (22)
 u - a wand of enslavement (18)
 w - a wand of disintegration (11)
 A - a wand of paralysis (29)
 B - a wand of iceblast (21)
 D - a wand of digging (4)
Scrolls
 c - 2 scrolls of blinking {unknown}
 f - 10 scrolls of teleportation
 i - 2 scrolls of fog
 j - a scroll of fear
 n - 4 scrolls of remove curse
 q - 7 scrolls of magic mapping
 P - 4 scrolls of enchant weapon
 Q - a scroll of silence
 S - a scroll of immolation
 U - a scroll of holy word
 V - 2 scrolls of vulnerability
 W - a scroll of acquirement {unknown}
 X - 3 scrolls of enchant armour
 Y - a scroll of torment {unknown}
Potions
 e - a potion of invisibility
 g - 8 potions of attraction
 h - 8 potions of haste
 k - 8 potions of ambrosia
 l - 8 potions of lignification
 t - a potion of mutation
 x - 8 potions of curing
 H - 3 potions of heal wounds
 J - a potion of resistance
 K - 2 potions of magic
 M - 2 potions of berserk rage
 N - 4 potions of might
 O - 6 potions of brilliance
 T - a potion of flight
Miscellaneous
 d - a lightning rod (4/4)
 F - a box of beasts


   Skills:
 + Level 14.9 Fighting
 * Level 9.5(12.8) Axes
 - Level 12.0(12.8) Maces & Flails
 - Level 4.0 Throwing
 + Level 12.2 Armour
 + Level 9.8 Dodging
 + Level 5.5 Shields
 - Level 3.2 Unarmed Combat
 - Level 1.5 Spellcasting
 - Level 1.3 Transmutations
 - Level 12.0 Invocations
 + Level 11.4 Evocations


You had 18 spell levels left.
You didn't know any spells.
Your spell library contained the following spells:

 Spells                   Type           Power        Failure   Level
 Beastly Appendage        Tmut           #.....       91%         1
 Sting                    Tmut/Pois      #...         96%         1
 Wereblood                Tmut           #.......     97%         2
 Corona                   Hex            #......      98%         1
 Magic Dart               Conj           #...         98%         1
 Ensorcelled Hibernation  Hex/Ice        #.....       99%         2
 Searing Ray              Conj           #.....       99%         2
 Confusing Touch          Hex            #.......     100%        3
 Dazzling Flash           Conj/Hex       #.....       100%        3
 Gell's Gravitas          Tloc           #.........   100%        3
 Spider Form              Tmut/Pois      #.........   100%        3
 Stone Arrow              Conj/Erth      #.....       100%        3
 Tukima's Dance           Hex            #.......     100%        3
 Ice Form                 Ice/Tmut       #.......     100%        4
 Iskenderun's Mystic Bla  Conj/Tloc      #.......     100%        4
 Petrify                  Tmut/Erth      #.......     100%        4
 Sticky Flame             Conj/Fire      #.......     100%        4
 Blade Hands              Tmut           #.........   100%        5
 Bolt of Magma            Conj/Fire/Erth #.........   100%        5
 Irradiate                Conj/Tmut      #.........   100%        5
 Metabolic Englaciation   Hex/Ice        #.........   100%        5
 Yara's Violent Unravell  Hex/Tmut       #.........   100%        5
 Eringya's Noxious Bog    Tmut/Pois      #.........   100%        6
 Hydra Form               Tmut           #.........   100%        6
 Statue Form              Tmut/Erth      #........    100%        6
 Dragon Form              Tmut           #.........   100%        7


Dungeon Overview and Level Annotations

Branches:
Dungeon (15/15)            Temple (0/1) D:7            Lair (6/6) D:8
  Swamp (0/4) Lair:3       Spider (0/4) Lair:4        Slime (0/5) Lair:5
    Orc (2/2) D:9             Elf (0/3) Orc:2        Vaults (0/5) D:14
 Depths: D:15

Altars:
Cheibriados
Dithmenos
Fedhas
Makhleb
Okawaru
Qazlal
Ru
Sif Muna
Trog
Vehumet
Xom
Zin
Beogh
Jiyva
Lugonu

Shops:
D:6 *[*   D:9 [=   Orc:2 *[(*

Annotations:
D:8 2 transporters, Erica
D:11 1 runed translucent door, snackwell's ghost, journeyman DrTm


Message History

The enormous slime creature is moderately wounded.
The enormous slime creature hits you!!!
Evoke which item? (* to show all) (? for menu, Esc to quit)
Okay, then.
Evoke which item? (* to show all) (? for menu, Esc to quit)
Aiming: Paralyse
Press: ? - help, Shift-Dir - straight line, f/p - enormous slime creature
Aim: an enormous slime creature (moderately wounded, chance to defeat MR: 58%)
The enormous slime creature resists with significant effort.
The enormous slime creature hits you!!!
* * * LOW HITPOINT WARNING * * *
Okay, then.
Okay, then.
Okay, then.
There is an open door here.
There is an open door here.
There is an open door here.
As you read the scroll of teleportation, it crumbles to dust.
You feel strangely unstable. The enormous slime creature hits you!!!
You die...

#.....# #.# #.#
###.....# #.# #.#
##.......###.# #.#
.'..(((....#.# #.#
##)..#####.#.# #.#
.....'.# #.#.# #.#
##...#.# #.#.# #.#
#...#.#
#.#.############.#
#####.#
#.#...J@.........#
#.#
#.##################
#.# #.#
#.............# #.#
#.# ###.#######.###
#.# #.# #.# #.# #.#
#†######.#####.#.#
######.#
#.#............#.#
.......#
#.#.####.#####.#.#
########
#.#...<........#.#


You could see an enormous slime creature.

Vanquished Creatures
  Jorgrun (Orc:1)
  A dire elephant (Lair:6)
  Snorg (D:10)
  2 ettins
  A fire dragon (D:11)
  A merfolk avatar (Lair:6)
  A boulder beetle (Lair:6)
  9 hydras
  A queen ant (Lair:3)
  5 two-headed ogres
  A death knight (D:13)
  4 centaur warriors
  A tengu warrior (D:11)
  12 death yaks
  Urug (D:13)
  An orc high priest (Orc:2)
  3 unseen horrors
  2 sea snakes (Lair:6)
  Pikel (D:9)
  2 orc knights
  2 oklob plants (Lair:3)
  4 orc sorcerers
  2 manticores
  A wolf spider zombie (D:14)
  An orb spider (shapeshifter) (D:14)
  4 cyclopes
  2 centaur zombies
  11 elephants
  7 ugly things
  3 black mambas
  A black mamba (shapeshifter) (D:11)
  Maurice (D:10)
  Joseph (D:10)
  18 cane toads
  Maggie (D:6)
  6 rime drakes
  A freezing wraith (D:13)
  A kobold demonologist (D:11)
  An efreet (D:11)
  7 komodo dragons
  A rime drake (shapeshifter) (D:14)
  A tengu conjurer (D:11)
  12 trolls
  A queen bee (Lair:1)
  A meliai (shapeshifter) (D:14)
  A wind drake (Lair:6)
  3 hornets
  3 polar bears
  23 blink frogs
  4 dream sheep (Lair:6)
  Sigmund (D:2)
  8 redbacks (D:14)
  A tarantella (shapeshifter) (D:14)
  13 wyverns
  5 wraiths
  5 shadows
  11 basilisks
  58 yaks
  4 vampire mosquitoes
  4 insubstantial wisps (Lair:3)
  Menkaure (D:6)
  5 soldier ants (Lair:3)
  3 wargs
  An acid dragon (D:13)
  19 water moccasins
  A hell hound (D:14)
  3 black bears
  29 orc warriors
  3 ice beasts
  A sky beast (D:7)
  A phantom (D:7)
  4 boggarts (D:13)
  8 ogres
  12 centaurs
  5 wolves (Lair:5)
  A lemure (D:9)
  A big kobold (D:12)
  23 bullfrogs
  2 wyvern skeletons
  4 scorpions
  A water moccasin skeleton (D:5)
  38 killer bees
  25 wights
  2 electric eels (Lair:1)
  5 howler monkeys
  3 bullfrog zombies
  A gnoll shaman (D:7)
  3 centaur skeletons
  8 hounds
  4 jellies
  A quasit (D:9)
  22 orc priests
  21 orc wizards
  Crazy Yiuf (D:4)
  2 bullfrog skeletons
  4 iguanas
  Natasha (thrice) (D:2)
  16 hell rats
  19 worker ants
  A killer bee zombie (D:8)
  A hound zombie (D:11)
  A howler monkey zombie (D:7)
  5 gnolls (D:7)
  9 adders
  A shadow imp (D:6)
  A white imp (D:10)
  4 ufetubi
  An ooze (D:2)
  3 adder skeletons
  5 worms
  A dart slug (D:5)
  5 leopard geckos
  108 orcs
  A ball python (D:1)
  5 giant cockroaches
  7 goblins
  5 hobgoblins
  21 jackals
  10 kobolds
  5 quokkas
  A ball python skeleton (D:6)
  7 bats
  7 frilled lizards
  A jackal skeleton (D:2)
  A jackal zombie (D:8)
  2 leopard gecko skeletons
  A quokka skeleton (D:8)
  2 quokka zombies
  6 rats
820 creatures vanquished.

Vanquished Creatures (collateral kills)
  Saint Roka (Orc:2)
  An orc sorcerer (Orc:2)
  An elephant (Lair:6)
  A komodo dragon (Lair:6)
  4 yaks (Lair:6)
  3 dream sheep (Lair:6)
  A wyvern (Lair:6)
  An orc warrior (Orc:2)
  An orc priest (Orc:2)
  2 orcs (Orc:2)
16 creatures vanquished.

Vanquished Creatures (others)
  A torpor snail (Lair:6)
  A komodo dragon (Lair:6)
  An orc priest (Orc:2)
  87 fungi
  92 plants
  5 toadstools (D:8)
187 creatures vanquished.

Grand Total: 1023 creatures vanquished

Notes
Turn   | Place    | Note
-------+----------+-------------------------------------------
     0 | D:1      | miscthings the Hill Orc Transmuter began the quest for the
                  | Orb.
     0 | D:1      | Reached XP level 1. HP: 16/16 MP: 3/3
   139 | D:1      | Reached skill level 2 in Fighting
   321 | D:1      | Reached XP level 2. HP: 25/25 MP: 2/4
   431 | D:1      | Reached skill level 3 in Fighting
   558 | D:1      | Reached XP level 3. HP: 26/31 MP: 3/5
   721 | D:2      | Noticed Sigmund
  1010 | D:2      | Reached skill level 4 in Fighting
  1747 | D:2      | Reached XP level 4. HP: 19/41 MP: 6/6
  1808 | D:2      | Reached skill level 5 in Fighting
  2677 | D:2      | Killed Sigmund
  2678 | D:2      | Reached skill level 7 in Fighting
  2678 | D:2      | Reached XP level 5. HP: 30/52 MP: 4/7
  2678 | D:2      | Reached XP level 6. HP: 34/60 MP: 4/8
  2751 | D:2      | Noticed Natasha
  2773 | D:2      | Killed Natasha
  3412 | D:2      | Noticed Natasha
  3422 | D:2      | Killed Natasha
  3943 | D:2      | Noticed Natasha
  3954 | D:2      | Killed Natasha
  4927 | D:4      | Reached skill level 1 in Maces & Flails
  5033 | D:4      | Reached XP level 7. HP: 64/67 MP: 7/9
  5131 | D:4      | Found a radiant altar of Vehumet.
  5167 | D:4      | Found a stormy altar of Qazlal.
  5400 | D:4      | Found a runed translucent door.
  5401 | D:4      | Noticed Crazy Yiuf
  5409 | D:4      | Killed Crazy Yiuf
  5606 | D:5      | Entered Level 5 of the Dungeon
  5622 | D:5      | Reached skill level 5 in Maces & Flails
  6002 | D:5      | Reached XP level 8. HP: 59/74 MP: 8/10
  6078 | D:5      | Found a burning altar of Makhleb.
  6562 | D:6      | Found Bacoingo's Mass Market.
  6604 | D:6      | Found a shadowy altar of Dithmenos.
  6624 | D:6      | Found Plog's Lightly-Used Armoury.
  6702 | D:6      | Learned a level 2 spell: Wereblood
  6738 | D:6      | Noticed Maggie
  6769 | D:6      | Killed Maggie
  7147 | D:6      | Found an iron altar of Okawaru.
  7161 | D:6      | Became a worshipper of Warmaster Okawaru
  7194 | D:6      | Found Foeffiyh's Antique Armour Boutique.
  7203 | D:6      | Bought a masterwork helmet for 275 gold pieces
  7213 | D:6      | Identified the +4 helmet "Zoutoet" {rC+ rCorr Str+3 Int-4}
                  | (You bought it in a shop on level 6 of the Dungeon)
  7416 | D:6      | Noticed Menkaure
  7422 | D:6      | Killed Menkaure
  7426 | D:6      | Reached XP level 9. HP: 81/81 MP: 11/11
  7779 | D:7      | Reached skill level 10 in Maces & Flails
  7848 | D:7      | Found a staircase to the Ecumenical Temple.
  7893 | D:7      | Reached * piety under Okawaru
  8340 | D:7      | Found a burning altar of Makhleb.
  8342 | D:7      | Identified the Compendium of Moulding
  8417 | D:7      | Reached ** piety under Okawaru
  8722 | D:7      | Reached skill level 1 in Shields
  8722 | D:7      | Reached skill level 1 in Invocations
  8741 | D:7      | Got a smoking dagger
  8742 | D:7      | Identified the +6 dagger of Resourcefulness {vorpal, MR-
                  | Str+5 Dex+4} (You found it on level 7 of the Dungeon)
  8873 | D:8      | Reached skill level 8 in Fighting
  8873 | D:8      | Reached skill level 1 in Throwing
  8873 | D:8      | Reached skill level 1 in Armour
  8873 | D:8      | Reached skill level 1 in Evocations
  8919 | D:8      | Found a transporter.
  8920 | D:8      | Noticed a purple ugly thing
  8921 | D:8      | Found a transporter.
  8921 | D:8      | Noticed a cyan ugly thing
  8922 | D:8      | Found a corrupted altar of Lugonu.
  8922 | D:8      | Noticed an ancient zyme
  8994 | D:8      | Found a shadowy altar of Dithmenos.
  9017 | D:8      | Found a bloodstained altar of Trog.
  9023 | D:8      | Found a glowing silver altar of Zin.
  9093 | D:8      | Reached XP level 10. HP: 88/88 MP: 12/12
  9246 | D:8      | Reached *** piety under Okawaru
  9420 | D:8      | Reached **** piety under Okawaru
  9563 | D:8      | Noticed a red ugly thing
  9565 | D:8      | Noticed Erica
  9784 | D:8      | Found a staircase to the Lair.
 10090 | D:9      | Found a blossoming altar of Fedhas.
 10139 | D:9      | Found a shimmering altar of Xom.
 10140 | D:9      | Found a snail-covered altar of Cheibriados.
 10149 | D:9      | Found Cheibriados's Comfort Zone.
 10195 | D:9      | Found Punaok's Jewellery Emporium.
 10226 | D:9      | Noticed Pikel
 10241 | D:9      | Killed Pikel
 10573 | D:9      | Found a staircase to the Orcish Mines.
 10712 | Orc:1    | Entered Level 1 of the Orcish Mines
 10728 | Orc:1    | Reached skill level 9 in Fighting
 10741 | Orc:1    | Noticed an ettin
 10749 | Orc:1    | Reached ***** piety under Okawaru
 10752 | Orc:1    | Reached XP level 11. HP: 64/97 MP: 14/14
 10777 | Orc:1    | Killed an ettin
 10778 | Orc:1    | Reached skill level 5 in Invocations
 11169 | Orc:2    | Entered Level 2 of the Orcish Mines
 11169 | Orc:2    | Noticed an ettin
 11223 | Lair:1   | Entered Level 1 of the Lair of Beasts
 11292 | Lair:1   | Received a gift from Okawaru
 11726 | Lair:1   | Reached skill level 5 in Armour
 11728 | Lair:1   | Noticed an eight-headed hydra
 11735 | Lair:1   | Killed an eight-headed hydra
 12150 | Lair:2   | Received a gift from Okawaru
 12151 | Lair:2   | Reached skill level 5 in Evocations
 12154 | Lair:2   | Reached skill level 10 in Fighting
 12636 | Lair:2   | Reached XP level 12. HP: 90/106 MP: 17/17
 12746 | Lair:2   | Reached skill level 5 in Dodging
 13056 | Lair:3   | Noticed a seven-headed hydra
 13071 | Lair:3   | Killed a seven-headed hydra
 13193 | Lair:3   | Noticed a six-headed hydra
 13207 | Lair:3   | Killed a six-headed hydra
 13366 | Lair:3   | Identified the Catalogue of Combat Magic
 13400 | Lair:3   | Found a staircase to the Swamp.
 13541 | Lair:3   | Reached skill level 11 in Fighting
 13550 | Lair:3   | Received a gift from Okawaru
 13551 | Lair:3   | Got a translucent lajatang {god gift}
 13558 | Lair:3   | Identified the +2 lajatang of War {vorpal, MR+ Str+4 Dex+5}
                  | (Okawaru gifted it to you on level 3 of the Lair of Beasts)
 13666 | D:9      | Bought the brooch of Shielding {Spirit SH+8} for 772 gold
                  | pieces
 13666 | D:9      | Found the brooch of Shielding {Spirit SH+8}
 13696 | D:10     | Entered Level 10 of the Dungeon
 13699 | D:10     | Noticed Snorg
 13723 | D:10     | Killed Snorg
 13844 | D:10     | Noticed Maurice
 13893 | D:10     | Killed Maurice
 13913 | D:10     | Noticed Joseph
 13927 | D:10     | Killed Joseph
 14053 | D:10     | Found a shimmering blue altar of Sif Muna.
 14543 | Lair:4   | You fall into a shaft and drop 2 floors!
 14543 | Lair:6   | Entered Level 6 of the Lair of Beasts
 14544 | Lair:6   | Noticed a boulder beetle
 14637 | Lair:5   | Reached XP level 13. HP: 113/116 MP: 14/20
 14742 | Lair:4   | Found a hole to the Spider Nest.
 14805 | Lair:4   | Reached ****** piety under Okawaru
 14818 | Lair:4   | Received a gift from Okawaru
 14850 | Lair:4   | Got a heavily runed chain mail {god gift}
 14862 | Lair:4   | Identified the +5 chain mail of the Battered Songs {rC+
                  | Str+3} (Okawaru gifted it to you on level 4 of the Lair of
                  | Beasts)
 15092 | Lair:4   | Reached skill level 10 in Invocations
 15476 | Lair:4   | Reached skill level 12 in Fighting
 16184 | Lair:5   | Received a gift from Okawaru
 16564 | Lair:5   | Received a gift from Okawaru
 16581 | Lair:5   | Reached XP level 14. HP: 107/127 MP: 18/22
 16622 | Lair:5   | Found a staircase to the Slime Pits.
 16623 | Lair:5   | Found a viscous altar of Jiyva.
 17785 | Lair:6   | Reached skill level 13 in Fighting
 17789 | Lair:6   | Noticed a dire elephant
 17794 | Lair:6   | Reached skill level 10 in Armour
 17821 | Lair:6   | Killed a dire elephant
 17868 | Lair:6   | Received a gift from Okawaru
 17869 | Lair:6   | Got a fading plate armour {god gift}
 17901 | Lair:6   | Identified the +5 plate armour "Wywaeps" {rElec rF+ MR++
                  | Regen+} (Okawaru gifted it to you on level 6 of the Lair of
                  | Beasts)
 18599 | Lair:6   | Got a translucent plate armour
 18610 | Lair:6   | Identified the cursed +0 plate armour of Prudence {rC++
                  | Regen+ rCorr Dex-4} (You found it on level 6 of the Lair of
                  | Beasts)
 18616 | Lair:6   | Got a distressingly furry scale mail
 18628 | Lair:6   | Identified the +7 scale mail of Ukhlaxuo {-Tele Harm rF++
                  | rC+} (You found it on level 6 of the Lair of Beasts)
 19205 | D:6      | Bought a smoking chain mail for 275 gold pieces
 19217 | D:6      | Identified the cursed +1 chain mail of the Comet {+Inv rF+
                  | Stlth+} (You bought it in a shop on level 6 of the Dungeon)
 19504 | Orc:2    | Reached skill level 10 in Evocations
 19523 | Orc:1    | Noticed Jorgrun
 19552 | Orc:1    | Killed Jorgrun
 19796 | Orc:2    | Found a burning altar of Makhleb.
 19818 | Orc:2    | Found a staircase to the Elven Halls.
 19864 | Orc:2    | Reached XP level 15. HP: 137/137 MP: 24/24
 19913 | Orc:2    | Found a roughly hewn altar of Beogh.
 19992 | Orc:2    | Found Enoasyad's Magic Scroll Boutique.
 20059 | Orc:2    | Found a roughly hewn altar of Beogh.
 20130 | Orc:2    | Found a roughly hewn altar of Beogh.
 20324 | Orc:2    | Found a roughly hewn altar of Beogh.
 20372 | Orc:2    | Noticed Saint Roka
 20410 | Orc:2    | Reached skill level 1 in Axes
 20461 | Orc:2    | Killed Saint Roka
 20461 | Orc:2    | Received a gift from Okawaru
 20462 | Orc:2    | Reached skill level 14 in Fighting
 20733 | Orc:2    | Found Ipifeica's Antique Armour Shoppe.
 20765 | Orc:2    | Found Zoreeruk's Antique Weapon Emporium.
 20766 | Orc:2    | Found a roughly hewn altar of Beogh.
 20834 | Orc:2    | Found a roughly hewn altar of Beogh.
 20835 | Orc:2    | Found Yhuulen's General Store.
 20978 | Orc:2    | Found a roughly hewn altar of Beogh.
 21017 | Orc:2    | Found Nasao's General Store.
 21022 | Orc:2    | Bought a box of beasts for 520 gold pieces
 21022 | Orc:2    | Bought a scroll of teleportation for 39 gold pieces
 21110 | Orc:2    | Bought a scroll of vulnerability for 120 gold pieces
 21110 | Orc:2    | Bought a scroll of identify for 32 gold pieces
 21346 | D:11     | Found a runed translucent door.
 21348 | D:11     | Found a shimmering altar of Xom.
 21348 | D:11     | Noticed snackwell's ghost (journeyman DrTm)
 21596 | D:11     | Reached skill level 5 in Axes
 21675 | D:11     | Identified the amulet of Beauty {Reflect rC+ SH+5}
 21675 | D:11     | Identified the ring of the Turtledove {Fire rN+}
 21747 | D:11     | Got a faintly glowing lapis lazuli ring
 21752 | D:11     | Identified the amulet "Yhel" {Reflect +Blink MR+++ Dex-5
                  | Slay-3 SH+5}
 21775 | D:11     | Identified the ring of Vaepp {Fire Int+7} (You found it on
                  | level 11 of the Dungeon)
 21818 | D:11     | Received a gift from Okawaru
 22373 | D:12     | Got a jewelled hand axe
 22375 | D:12     | Identified the +6 hand axe "Finkopt" {vorpal, +Fly rN++}
                  | (You found it on level 12 of the Dungeon)
 23713 | D:13     | Received a gift from Okawaru
 23788 | D:13     | Noticed Urug
 23819 | D:13     | Killed Urug
 24282 | D:13     | Reached XP level 16. HP: 144/147 MP: 23/25
 25020 | D:14     | Reached skill level 5 in Shields
 25109 | D:14     | Found a gate to the Vaults.
 25469 | D:15     | Entered Level 15 of the Dungeon
 25759 | D:15     | Found a sacrificial altar of Ru.
 26029 | D:15     | HP: 4/147 [enormous slime creature (56)]
 26067 | D:15     | Demolished by an enormous slime creature

Illustrated notes

Levels and vault maps discovered:
D:1:      dpeg_arrival_refuge, layout_basic, nrook_uturn
D:2:      layout_loops_cross, uniq_natasha, uniq_sigmund
D:3:      layout_basic
D:4:      layout_loops_ring, lemuel_round_altar,
          nicolae_qazlal_eye_of_the_storm, uniq_crazy_yiuf_cottage
D:5:      layout_rooms, minivault_1, minivault_23, roderic_lattice_a,
          chequers_serial_rivers_room_b, makhleb_heckhound_becter
D:6:      layout_loops_ring, okawaru_metal_pillars_1_2, serial_shops,
          nicolae_shop_waterfront, minmay_shop_damaged, grunt_ministairs_14,
          minmay_shop_mass, grunt_dithmenos_smoke_and_mirrors, uniq_maggie,
          uniq_menkaure
D:7:      layout_basic, old_standard_altar, temple_green, kb_rosetta
D:8:      gammafunk_corrupted_shrine, layout_loops_ring, minitemple,
          grunt_lair_entry_orc_guard_hut, minmay_gold_behind_fungi,
          minmay_misc_feat_room, uniq_erica
D:9:      layout_loops_cross, fedhas_altar_2, orc_0_dummy, serial_shops,
          nicolae_shop_behind_doors, basic_altar, minmay_misc_feat_ornament,
          minmay_shop_chei, corexii_checkpoint_a, chequers_avenue, uniq_pikel
D:10:     layout_long_grid, tgw_sif, uniq_joseph, uniq_snorg, uniq_maurice
D:11:     minmay_the_grid_triangle_9x9_recursive_2
          [minmay_the_grid_triangle_9x9_prize_special,
          minmay_the_grid_triangle_9x9_empty,
          minmay_the_grid_triangle_9x9_pentomino_pain,
          minmay_the_grid_triangle_9x9_negative_grid], layout_stronghold,
          ebering_ghost_xom
D:12:     layout_basic, evilmike_butchery
D:13:     layout_grid_maze, uniq_urug
D:14:     layout_roguey [special_room_mythical_zoo], david_vaults_2,
          hangedman_abyss_or_decor_stabs, drop_trap
D:15:     hangedman_depths_entry_try_elsewhere_first, layout_basic,
          minmay_misc_feat_x, basic_altar
Lair:1:   layout_gridlike, special_room [special_room_bee],
          chequers_serial_rivers_micro_e, minivault_26, minivault_26
Lair:2:   layout_regular_city
Lair:3:   layout_gridlike, minmay_swamp_entry_wisps, wad_woods_antlair,
          minmay_lair_oklob_chamber, grunt_megastairs_5
Lair:4:   layout_regular_city, spider_nest_entry_web_field,
          nicolae_lair_grove_arrangements, lemuel_fruit_tree
Lair:5:   layout_roguey, slime_altar_1
Lair:6:   gammafunk_lair_ancient_temple, layout_misc_corridors
Orc:1:    layout_caves, uniq_jorgrun
Orc:2:    grunt_orc_community_town_hall, layout_caves,
          grunt_orc_community_big_house_1, grunt_orc_community_big_house_2,
          grunt_orc_community_house_1, grunt_orc_community_house_3,
          grunt_orc_community_house_1, grunt_orc_community_house_3,
          serial_shops, nicolae_shop_behind_doors, basic_altar,
          hangedman_feature_mirror

Skill      XL: |  1  2  3  4  5  6  7  8  9 10 11 12 13 14 15 16 |
---------------+-------------------------------------------------+-----
Fighting       | 2 3 4 7 8 9 10 11 12 13 14 | 14.9
Maces & Flails | 2 6 9 12 | 12.0
Shields        | 2 4 5 |  5.5
Invocations    | 1 4 7 9 11 12 | 12.0
Throwing       | 1 3 4 |  4.0
Armour         | 1 3 6 7 9 10 11 12 | 12.2
Evocations     | 1 3 5 7 8 10 11 | 11.4
Dodging        | 2 3 4 6 7 8 9 |  9.8
Axes           | 7 9 |  9.5
Unarmed Combat | |  3.2
Spellcasting   | |  1.5
Transmutations | |  1.3

Action                   |  1- 3 |  4- 6 |  7- 9 | 10-12 | 13-15 | 16-18 || total
-------------------------+-------+-------+-------+-------+-------+-------++-------
Melee: Dagger            |   119 |    99 |       |       |       |       ||   218
       Unarmed           |     8 |       |       |       |       |       ||     8
       Kick              |    20 |    19 |    18 |       |       |       ||    57
       Headbutt          |    12 |     5 |    10 |       |       |       ||    27
       Punch             |       |     2 |       |       |       |       ||     2
       Whip              |       |    15 |   351 |   696 |  2126 |   407 ||  3595
       Hand axe          |       |       |       |       |    14 |       ||    14
Throw: Dart              |    20 |    51 |    24 |     8 |     3 |       ||   106
 Cast: Beastly Appendage |    26 |    22 |    18 |       |       |       ||    66
       Wereblood         |       |       |     5 |    15 |     9 |       ||    29
Invok: Heroism           |       |       |       |       |     1 |       ||     1
       Finesse           |       |       |       |       |     1 |       ||     1
Evoke: Wand              |       |       |     1 |    74 |    67 |     4 ||   146
       Lightning rod     |       |       |       |       |     5 |       ||     5
  Use: Scroll            |     1 |     3 |    11 |    14 |    10 |     1 ||    40
       Potion            |       |     2 |       |     3 |     3 |       ||     8
 Stab: Sleeping          |     5 |     2 |     3 |     3 |       |       ||    13
       Paralysed         |       |       |       |    30 |    17 |     5 ||    52
Armor: Robe              |    28 |       |       |       |       |       ||    28
       Leather armour    |       |    18 |    27 |       |       |       ||    45
       Swamp dragon scal |       |       |    72 |   178 |    19 |       ||   269
       Chain mail        |       |       |       |       |   150 |       ||   150
       Plate armour      |       |       |       |       |   391 |   158 ||   549
Dodge: Dodged            |    95 |    59 |   129 |   204 |   384 |   100 ||   971
Block: Buckler           |       |       |    20 |   130 |   741 |   140 ||  1031

Table legend: (Time is in decaauts)
 A = Elapsed time spent in this place.
 B = Non-inter-level travel time spent in this place.
 C = Inter-level travel time spent in this place.
 D = Time resting spent in this place.
 E = Time spent auto-exploring this place.
 F = Levels seen in this place.
 G = Mean time per level.
                   A        B        C        D        E       F      G
               +--------+--------+--------+--------+--------+-----+--------+
         Total |  24403 |  22814 |   1589 |   3856 |  13065 |  23 | 1061.0 |
       Dungeon |  15914 |  14839 |   1075 |   2552 |   8725 |  15 | 1060.9 |
          Lair |   6470 |   6097 |    373 |   1014 |   3316 |   6 | 1078.3 |
  Orcish Mines |   2019 |   1879 |    140 |    289 |   1024 |   2 | 1009.5 |
               +--------+--------+--------+--------+--------+-----+--------+

Top non-repeatable levels by time:
     D:2: 3398 daAuts
    D:13: 1454 daAuts
     D:6: 1303 daAuts
  Lair:6: 1294 daAuts
   Orc:2: 1256 daAuts
     D:8: 1239 daAuts
  Lair:5: 1230 daAuts
  Lair:3: 1121 daAuts
  Lair:4: 1095 daAuts
     D:7: 1071 daAuts
  Lair:1: 934 daAuts
    D:11: 928 daAuts
     D:5: 893 daAuts
  Lair:2: 794 daAuts
     D:9: 779 daAuts
